← All builds
Suicide front / Armada / Factory first / OBSERVED BUILD

Standard suicide front

Armada Suicide front build order · Supreme Isthmus

The role's baseline: Bot Lab at 0:21 then straight into reclaim-fed T1 bot production to contest the middle and hold until T2 arrives, with an Advanced Metal Extractor around 9:45.

#rush · 2043 distinct matches · 235 players · 72% of Armada Suicide front games · team won 59% of 2421 · Recently observed

HOW TO PLAY IT

Key timing: Bot Lab by 0:20

  1. Open with mex and lab-first to get Bot Lab up by 0:20.
  2. Expand mex and wind while lab pumps units toward middle.
  3. Push Sentry and early Rocketeer, Centurion to contest middle.
  4. Get T2 constructor out once Pond's boost lets you spare metal.
  5. Upgrade mex to Advanced Metal Extractor as you transition off T1 spam.

Phase by phase

TYPICAL OF ITS 2043 GAMES
  1. 1
  2. 2
  3. 3
PLAY THE OPENING

Follow the example game's first 6:00 step by step: what to build now, what comes next, and where it goes. At 1× it keeps pace with your own game.

  1. 1

    Bot Lab first

    Order
    1. Bot LabBot Lab done ~0:25, middle half 0:20–0:33

    Some games also: mex (44%)

  2. 2

    Bot Lab to 5:00

    Economy
    • Metal Extractor5Mex
    • Wind Turbine4Wind
    Builders
    • Construction Bot3 Con bot
    • Lazarus2 Lazarus
    Army
    • Sentry4 Sentry
    • Rocketeer16 Rocketeer
    • Tick2 Tick
    • Centurion1 Centurion
    Other
    • Radar Tower1 Radar Tower

    Some games also: pawn (37%) · con turret (34%)

    By 5:00 in all: 5 mex · 4 wind

    The example game in this phase · 41 steps
    1. TickTickfor Pond
    2. Mex
    3. TickTick
    4. PawnPawn
    5. LazarusLazarus
    6. Construction BotCon bot
    7. PawnPawn
    8. LazarusLazarus
    9. PawnPawn
    10. Construction BotCon bot
    11. Mex
    12. Construction BotCon bot
    13. Mex
    14. CenturionCenturion
    15. BeamerBeamer
    16. MaceMace
    17. BeamerBeamer
    18. SentrySentry
    19. Construction BotCon bot
    20. Mex
    21. MaceMace
    22. OverwatchOverwatch
    23. RocketeerRocketeer
    24. Mex
    25. RocketeerRocketeer
    26. SentrySentry
    27. OverwatchOverwatch
    28. RocketeerRocketeer
    29. SentrySentry
    30. Con turret
    31. RocketeerRocketeer ×4
    32. BeamerBeamer
    33. RocketeerRocketeer ×2
    34. BeamerBeamer
    35. RocketeerRocketeer
    36. Mex
    37. Wind
    38. GauntletGauntletdone 6:01
    39. SentrySentry
    40. RocketeerRocketeer
    41. Wind
  3. 3

    5:00 to 10:00

    Economy
    • Metal Extractor1Mex
    • Wind Turbine15Wind
    Builders
    • Construction Turret2 Con turret
    • Lazarus2 Lazarus
    • Construction Bot1 Con bot
    Army
    • Sentry1 Sentry
    • Rocketeer8 Rocketeer

    Some games also: pawn (49%) · Radar Tower (46%) · tick (45%) · centurion (44%) · energy storage (42%) · eat Bot Lab (31%)

    By 10:00 in all: 6 mex · 21 wind · 1 energy storage · 2 con turret

    The example game in this phase · 125 steps
    1. RocketeerRocketeer
    2. SentrySentry
    3. Wind ×2
    4. Dragon's TeethDragon's Teeth ×2
    5. Wind
    6. Dragon's TeethDragon's Teeth ×3
    7. BeholderBeholder
    8. Wind
    9. Dragon's TeethDragon's Teeth
    10. Wind
    11. Dragon's TeethDragon's Teeth ×5
    12. Energy storage ×3
    13. RocketeerRocketeer
    14. Energy storage
    15. LazarusLazarus
    16. Wind
    17. LazarusLazarus
    18. Wind
    19. LazarusLazarus
    20. SentrySentry
    21. LazarusLazarus
    22. Radar TowerRadar Tower
    23. Wind
    24. RocketeerRocketeer
    25. Wind ×11
    26. Construction BotCon bot
    27. Wind
    28. Construction BotCon bot
    29. Wind ×2
    30. PawnPawn ×2
    31. Wind
    32. Naval Radar / Sonar TowerNaval Radar / Sonar Tower
    33. PawnPawn ×2
    34. Con turret
    35. PawnPawn ×5
    36. Con turret
    37. PawnPawn ×3
    38. Wind ×3
    39. PawnPawn
    40. BeamerBeamer
    41. Wind
    42. PawnPawn
    43. Wind
    44. Converter
    45. Wind
    46. PawnPawn
    47. Wind
    48. BeamerBeamer
    49. Wind ×2
    50. Tidal ×2
    51. Wind
    52. Converter
    53. Tidal
    54. Mex
    55. PawnPawn
    56. Wind ×3
    57. CrossbowCrossbow
    58. Wind
    59. Converter
    60. Wind
    61. CrossbowCrossbow
    62. Converter
    63. CrossbowCrossbow
    64. Wind
    65. NettleNettle
    66. Wind
    67. PawnPawn
    68. Wind
    69. PawnPawn
    70. Wind ×2
    71. PawnPawn
    72. Energy storage
    73. PawnPawn
    74. Wind
    75. PawnPawn
    76. Wind
    77. Con turret
    78. PawnPawn
    79. Wind ×2
    80. PawnPawn
    81. Converter
    82. PawnPawn
    83. Wind ×2
    84. PawnPawn
    85. Wind
    86. PawnPawn
    87. Wind ×2
    88. Mex
    89. PawnPawn
    90. Converter
    91. PawnPawn
    92. Advanced solar
    93. PawnPawn ×2
    94. Wind
    95. PawnPawn
    96. Converter
    97. PawnPawn
    98. Wind
    99. PawnPawn
    100. Wind ×2
    101. Construction BotCon bot
    102. Con turret
    103. Wind
    104. Advanced Metal ExtractorT2 mexdone 14:24 · typical 9:46
    105. Converter
    106. Construction BotCon bot
    107. Wind ×3
    108. Con turret
    109. Wind ×2
    110. PawnPawn
    111. Converter
    112. PawnPawn
    113. Vehicle PlantVehicle Plantdone 14:45
    114. Converter
    115. SentrySentry
    116. Vehicle PlantVehicle Plantnot finished by 15:00
    117. Wind
    118. SentrySentry
    119. Wind
    120. PawnPawn
    121. Advanced Metal ExtractorT2 mex
    122. Wind ×3
    123. Converter
    124. Vehicle PlantEat Vehicle Plantreclaimed for its metal
    125. Converter

Counts are medians over the build's games: half of them build more, half fewer. The example game is Godmother13's (39 OS, 12/10/2026); pick another.

Team trades

IN AT LEAST 30% OF ITS GAMES

You hand over

Nothing regular.

You get

  • Tidal Generator4 Tidal from Pondfirst at 0:11 · in 68% of games
  • Advanced Construction Bot1 T2 con bot from Geo or Techfirst at 7:41 · in 57% of games

How it plays out

Typical game of this build, running totals by minute

Metal produced

010k20k
0:005:0010:0015:00

metal

Enemy metal destroyed

05k10k
0:005:0010:0015:00

metal

Own metal lost

05k10k
0:005:0010:0015:00

metal

2421 games.

Show as table
ByMetal produced: This buildEnemy metal destroyed: This buildOwn metal lost: This build
1:0023000
2:0088600
3:002007184130
4:003108642501
5:0041841348997
6:00534921851706
7:00653930602588
8:00775739393500
9:00903347044382
10:001040053145148
11:001188458575955
12:001357264066673
13:001539468757437
14:001729075038209
15:001925781168981
WHAT THE NUMBERS SAY

Standard Suicide front play wins a bit over half its games while taking the heaviest own losses of any role by 15:00.

  • + Produces 20142 metal by 15:00, highest of the front roles.
  • + First kill by 2:01 in all games, fastest contest of middle.
  • − Own metal lost hits 9178 by 15:00, more than enemy metal destroyed.
  • − Only 34% Rocketeer share shows army spread thin across many bot types.
THE EXAMPLE YOU ARE READING

Godmother13

39.1 OS · 12/10/2026

Open source match ↗

6 received units · includes a constructor
714 metal received · 49840 energy received

Allied construction assistance is unknown. Timings are observations, not a promise of solo reproducibility.

Typical milestones

Bot Lab0:25Middle 50%: 0:20–0:33 · n=2413
Advanced Metal Extractor9:46Middle 50%: 8:50–10:59 · n=1749

Played most by

_X_264games of this buildPlatinumBlonde188games of this buildXad165games of this buildTrapCaT109games of this buildImmort80games of this build